Devils vs Canadiens

Created - December 21 2007 at 18:02

Goals
1 2 3 T
Devils 1 2 1 4
Canadiens 0 1 1 2
Shots
1 2 3 T
Devils 7 11 7 25
Canadiens 6 10 10 26

Period #1

1. Devils , Daniel Alfredsson 13 (John Madden, Jean-Pierre Dumont) at 10:58

Penalties :
Scott Gomez (MTL) for Hooking (Minor) at 2:05, Ales Hemsky (MTL) for Interference (Minor) at 7:24, Ryan Kesler (MTL) for Hooking (Minor) at 11:22, Timo Helbling (NJD) for Interference (Minor) at 15:10

Period #2

2. Canadiens , Ryan Whitney 5 (Scott Gomez, Mike Ribeiro) at 3:34
3. Devils , Jean-Pierre Dumont 8 (Daniel Alfredsson, Colin White) at 3:48
4. Devils , Michael Nylander 10 (Zach Parise, Patrik Elias) at 5:30 (PP)

Penalties :
Mike Comrie (MTL) for Tripping (Minor) at 4:08, Colin White (NJD) for Hooking (Minor) at 7:54

Period #3

5. Canadiens , Ales Hemsky 5 (Antoine Vermette, Filip Kuba) at 5:49
6. Devils , Patrik Elias 10 (Zach Parise, Michael Nylander) at 8:00 (PP)

Penalties :
Colin White (NJD) for Hooking (Minor) at 3:34, Ed Jovanovski (MTL) for Slashing (Minor) at 7:54, Filip Kuba (MTL) for Tripping (Minor) at 13:27

Goalie Stats

Martin Brodeur (NJD), 24 saves from 26 shots - (0.923), W, 24-13-3, 60:00 minutes
Roberto Luongo (MTL), 21 saves from 25 shots - (0.840), L, 20-21-1, 60:00 minutes

Players Stats

Devils
Player Name              G  A  P  +/- PIM S  H  SB FO MP 
-----------------------------------------------------------
Ben Eager                0  0  0   1  0   0  2  0  24 23 
Brad Lukowich            0  0  0   2  0   1  0  0  0  24 
Brendan Witt             0  0  0  -1  0   1  4  0  0  23 
Chris Chelios            0  0  0   0  0   0  0  0  0  7  
Colin White              0  1  1   2  4   0  0  0  0  22 
Daniel Alfredsson        1  1  2   2  0   5  0  0  2  23 
Jamie Langenbrunner      0  0  0  -1  0   0  2  1  0  18 
Jean-Pierre Dumont       1  1  2   2  0   1  0  0  0  20 
John Madden              0  1  1   1  0   1  0  1  5  14 
Juraj Kolnik             0  0  0   0  0   1  0  0  0  3  
Michael Nylander         1  1  2  -1  0   4  3  0  22 22 
Miroslav Satan           0  0  0  -1  0   1  1  0  0  16 
Patrik Elias             1  1  2  -1  0   3  0  0  2  19 
Paul Martin              0  0  0  -1  0   2  0  0  0  21 
Ryan Getzlaf             0  0  0   0  0   0  0  0  0  2  
Timo Helbling            0  0  0  -2  2   0  0  2  0  20 
Travis Zajac             0  0  0  -1  0   1  1  0  13 16 
Zach Parise              0  2  2  -1  0   4  0  0  0  20 
Canadiens
Player Name              G  A  P  +/- PIM S  H  SB FO MP 
-----------------------------------------------------------
Ales Hemsky              1  0  1   1  2   5  0  0  1  14 
Alexei Yashin            0  0  0   0  0   0  1  0  14 16 
Andrej Meszaros          0  0  0   1  0   0  0  1  0  14 
Antoine Vermette         0  1  1   1  0   2  2  1  16 19 
Brian Gionta             0  0  0   0  0   2  0  0  2  19 
Brian Rafalski           0  0  0  -1  0   1  1  2  0  25 
Darcy Tucker             0  0  0   0  0   3  1  0  2  14 
Ed Jovanovski            0  0  0   0  2   0  1  0  0  20 
Filip Kuba               0  1  1   0  2   0  0  1  0  19 
Lubomir Visnovsky        0  0  0  -1  0   1  1  0  0  24 
Martin Gelinas           0  0  0  -1  0   0  0  0  1  8  
Mike Comrie              0  0  0   0  2   2  2  0  1  14 
Mike Ribeiro             0  1  1   0  0   4  2  0  0  19 
Ryan Kesler              0  0  0  -1  2   0  1  0  0  11 
Ryan Whitney             1  0  1   1  0   2  0  1  0  22 
Scott Gomez              0  1  1   0  2   3  3  0  16 20 
Stephane Veilleux        0  0  0  -1  0   0  1  0  14 13 
Viktor Kozlov            0  0  0   1  0   1  1  0  1  18 

3 Stars

1 - Daniel Alfredsson (NJD)
2 - Jean-Pierre Dumont (NJD)
3 - Michael Nylander (NJD)

Power Play

Devils - 2 on 6 Attempt(s) - 33.33%
Canadiens - 0 on 3 Attempt(s) - 0.00%

Penalty Kill

Devils - 3 on 3 Attempt(s) - 100.00% - Score 0 goal in Penalty Kill
Canadiens - 4 on 6 Attempt(s) - 66.67% - Score 0 goal in Penalty Kill

Game Notes

No Game Note

Finance

Level 1 -- Attendance: 3733 (62.22%) -- Ticket Income $373,300.00
Level 2 -- Attendance: 3789 (75.78%) -- Ticket Income $227,340.00
Level 3 -- Attendance: 1367 (68.37%) -- Ticket Income $47,845.00
Level 4 -- Attendance: 2147 (53.67%) -- Ticket Income $64,410.00
Luxury Box -- Attendance: 535 (53.46%) -- Ticket Income $133,750.00
Game was played at the Bell Centre
Total Attendance: 11571 (53.49%)
Total Ticket Income: $906,264.60
Other Income: $172,459.20
Total Income: $1,078,724.00


Play by Play

Period #1

0:01 of 1st period - Alexei Yashin wins face-off versus Michael Nylander in neutral zone.
0:49 of 1st period - Icing by Lubomir Visnovsky.
0:50 of 1st period - Alexei Yashin wins face-off versus Ben Eager in Canadiens zone.
2:05 of 1st period - Minor Penalty to Scott Gomez for Hooking.
2:06 of 1st period - Michael Nylander wins face-off versus Antoine Vermette in Devils zone.
2:50 of 1st period - Icing by Zach Parise.
2:51 of 1st period - Antoine Vermette wins face-off versus Michael Nylander in Devils zone.
3:32 of 1st period - Icing by Jean-Pierre Dumont.
3:33 of 1st period - Ben Eager wins face-off versus Stephane Veilleux in Devils zone.
3:52 of 1st period - Shot by Patrik Elias.
3:52 of 1st period - Stopped by Roberto Luongo without a rebound.
3:53 of 1st period - Antoine Vermette wins face-off versus Michael Nylander in Canadiens zone.
5:03 of 1st period - Icing by Timo Helbling.
5:04 of 1st period - Travis Zajac wins face-off versus Scott Gomez in Devils zone.
5:04 of 1st period - Travis Zajac is hit by Scott Gomez.
5:11 of 1st period - Off-side.
5:12 of 1st period - Martin Gelinas wins face-off versus Ben Eager in neutral zone.
5:46 of 1st period - Shot by Ryan Kesler.
5:46 of 1st period - Shot Misses the Net.
5:55 of 1st period - Icing by Brad Lukowich.
5:56 of 1st period - Scott Gomez wins face-off versus Ben Eager in Devils zone.
6:01 of 1st period - Shot by Brian Gionta.
6:01 of 1st period - Stopped by Martin Brodeur without a rebound.
6:02 of 1st period - Patrik Elias wins face-off versus Scott Gomez in Devils zone.
6:11 of 1st period - Shot by Patrik Elias.
6:11 of 1st period - Shot Misses the Net.
6:17 of 1st period - Ryan Whitney is hit by Michael Nylander and loses puck.
7:24 of 1st period - Minor Penalty to Ales Hemsky for Interference.
7:25 of 1st period - Antoine Vermette wins face-off versus Ben Eager in Devils zone.
8:05 of 1st period - Icing by Colin White.
8:06 of 1st period - Travis Zajac wins face-off versus Stephane Veilleux in Devils zone.
9:34 of 1st period - Shot by Miroslav Satan.
9:34 of 1st period - Shot Blocked by Filip Kuba.
10:52 of 1st period - Shot by Daniel Alfredsson.
10:52 of 1st period - Stopped by Roberto Luongo with a rebound.
10:58 of 1st period - Shot by Daniel Alfredsson.
10:58 of 1st period - Goal by Daniel Alfredsson - Devils : 1 - Canadiens : 0.
10:59 of 1st period - Travis Zajac wins face-off versus Alexei Yashin in neutral zone.
10:59 of 1st period - Travis Zajac is hit by Alexei Yashin.
11:11 of 1st period - Shot by Miroslav Satan.
11:11 of 1st period - Deflect By Travis Zajac.
11:11 of 1st period - Stopped by Roberto Luongo without a rebound.
11:12 of 1st period - Stephane Veilleux wins face-off versus Michael Nylander in Canadiens zone.
11:22 of 1st period - Minor Penalty to Ryan Kesler for Hooking.
11:23 of 1st period - Michael Nylander wins face-off versus Antoine Vermette in Devils zone.
12:47 of 1st period - Shot by Zach Parise.
12:47 of 1st period - Shot Blocked by Antoine Vermette.
12:49 of 1st period - Shot by Michael Nylander.
12:49 of 1st period - Shot Blocked by Brian Rafalski.
12:51 of 1st period - Shot by Michael Nylander.
12:51 of 1st period - Stopped by Roberto Luongo without a rebound.
12:52 of 1st period - Antoine Vermette wins face-off versus Michael Nylander in Canadiens zone.
13:48 of 1st period - Icing by Andrej Meszaros.
13:49 of 1st period - Ales Hemsky wins face-off versus Travis Zajac in Canadiens zone.
13:49 of 1st period - Ales Hemsky is hit by Jamie Langenbrunner.
14:01 of 1st period - Shot by Jamie Langenbrunner.
14:01 of 1st period - Deflect By Miroslav Satan.
14:01 of 1st period - Shot Blocked by Andrej Meszaros.
14:36 of 1st period - Lubomir Visnovsky is hit by Travis Zajac and loses puck.
15:10 of 1st period - Minor Penalty to Timo Helbling for Interference.
15:11 of 1st period - Alexei Yashin wins face-off versus Ben Eager in Devils zone.
15:31 of 1st period - Icing by Lubomir Visnovsky.
15:32 of 1st period - Ben Eager wins face-off versus Alexei Yashin in Canadiens zone.
15:33 of 1st period - Shot by Daniel Alfredsson.
15:33 of 1st period - Shot Misses the Net.
15:36 of 1st period - Icing by Lubomir Visnovsky.
15:37 of 1st period - Alexei Yashin wins face-off versus Ben Eager in Canadiens zone.
16:50 of 1st period - Shot by Mike Comrie.
16:50 of 1st period - Stopped by Martin Brodeur without a rebound.
16:51 of 1st period - Mike Comrie wins face-off versus Ben Eager in Devils zone.
16:56 of 1st period - Shot by Lubomir Visnovsky.
16:56 of 1st period - Shot Misses the Net.
17:08 of 1st period - Shot by Darcy Tucker.
17:08 of 1st period - Shot Misses the Net.
17:12 of 1st period - Shot by Ales Hemsky.
17:12 of 1st period - Shot Misses the Net.
17:14 of 1st period - Shot by Ales Hemsky.
17:14 of 1st period - Stopped by Martin Brodeur with a rebound.
17:16 of 1st period - Shot by Viktor Kozlov.
17:16 of 1st period - Shot Misses the Net.
17:18 of 1st period - Shot by Viktor Kozlov.
17:18 of 1st period - Stopped by Martin Brodeur without a rebound.
17:19 of 1st period - Travis Zajac wins face-off versus Antoine Vermette in Devils zone.
18:03 of 1st period - Off-side.
18:04 of 1st period - Scott Gomez wins face-off versus Ben Eager in neutral zone.
18:21 of 1st period - Ed Jovanovski is hit by Ben Eager and loses puck.
18:29 of 1st period - Off-side.
18:30 of 1st period - Michael Nylander wins face-off versus Stephane Veilleux in neutral zone.
18:33 of 1st period - Shot by Michael Nylander.
18:33 of 1st period - Stopped by Roberto Luongo without a rebound.
18:34 of 1st period - Michael Nylander wins face-off versus Darcy Tucker in Canadiens zone.
18:47 of 1st period - Shot by Zach Parise.
18:47 of 1st period - Shot Blocked by Brian Rafalski.
18:49 of 1st period - Shot by Patrik Elias.
18:49 of 1st period - Stopped by Roberto Luongo without a rebound.
18:50 of 1st period - Scott Gomez wins face-off versus Ben Eager in Canadiens zone.
19:53 of 1st period - Shot by Lubomir Visnovsky.
19:53 of 1st period - Stopped by Martin Brodeur with a rebound.
19:55 of 1st period - Shot by Darcy Tucker.
19:55 of 1st period - Deflect By Alexei Yashin.
19:55 of 1st period - Shot Misses the Net.
19:57 of 1st period - Shot by Darcy Tucker.
19:57 of 1st period - Stopped by Martin Brodeur without a rebound.
19:58 of 1st period - Antoine Vermette wins face-off versus Michael Nylander in Devils zone.
19:58 of 1st period - Antoine Vermette is hit by Brendan Witt.

Period #2

0:01 of 2nd period - Alexei Yashin wins face-off versus Michael Nylander in neutral zone.
0:28 of 2nd period - Shot by Mike Comrie.
0:28 of 2nd period - Stopped by Martin Brodeur without a rebound.
0:29 of 2nd period - Scott Gomez wins face-off versus Ben Eager in Devils zone.
0:43 of 2nd period - Jean-Pierre Dumont is hit by Ed Jovanovski and loses puck.
1:08 of 2nd period - Shot by Scott Gomez.
1:08 of 2nd period - Stopped by Martin Brodeur with a rebound.
1:40 of 2nd period - Shot by Antoine Vermette.
1:40 of 2nd period - Stopped by Martin Brodeur without a rebound.
1:41 of 2nd period - Michael Nylander wins face-off versus Darcy Tucker in Devils zone.
2:12 of 2nd period - Shot by Michael Nylander.
2:12 of 2nd period - Deflect By Zach Parise.
2:12 of 2nd period - Stopped by Roberto Luongo with a rebound.
2:38 of 2nd period - Shot by Ales Hemsky.
2:38 of 2nd period - Stopped by Martin Brodeur with a rebound.
3:32 of 2nd period - Shot by Scott Gomez.
3:32 of 2nd period - Shot Blocked by Timo Helbling.
3:34 of 2nd period - Shot by Ryan Whitney.
3:34 of 2nd period - Goal by Ryan Whitney - Devils : 1 - Canadiens : 1.
3:35 of 2nd period - Ben Eager wins face-off versus Stephane Veilleux in neutral zone.
3:48 of 2nd period - Shot by Daniel Alfredsson.
3:48 of 2nd period - Deflect By Jean-Pierre Dumont.
3:48 of 2nd period - Goal by Jean-Pierre Dumont - Devils : 2 - Canadiens : 1.
3:49 of 2nd period - Ben Eager wins face-off versus Scott Gomez in neutral zone.
3:51 of 2nd period - Off-side.
3:52 of 2nd period - Scott Gomez wins face-off versus Ben Eager in neutral zone.
4:01 of 2nd period - Shot by Mike Ribeiro.
4:01 of 2nd period - Stopped by Martin Brodeur without a rebound.
4:02 of 2nd period - Alexei Yashin wins face-off versus Travis Zajac in Devils zone.
4:08 of 2nd period - Minor Penalty to Mike Comrie for Tripping.
4:09 of 2nd period - Ben Eager wins face-off versus Stephane Veilleux in Devils zone.
4:09 of 2nd period - Ben Eager is hit by Stephane Veilleux.
4:25 of 2nd period - Shot by Jean-Pierre Dumont.
4:25 of 2nd period - Shot Misses the Net.
4:39 of 2nd period - Shot by Paul Martin.
4:39 of 2nd period - Stopped by Roberto Luongo with a rebound.
4:51 of 2nd period - Ryan Kesler is hit by Miroslav Satan and loses puck.
5:06 of 2nd period - Shot by John Madden.
5:06 of 2nd period - Stopped by Roberto Luongo with a rebound.
5:08 of 2nd period - Shot by Paul Martin.
5:08 of 2nd period - Stopped by Roberto Luongo without a rebound.
5:09 of 2nd period - Michael Nylander wins face-off versus Stephane Veilleux in Canadiens zone.
5:30 of 2nd period - Shot by Michael Nylander.
5:30 of 2nd period - Goal by Michael Nylander - Devils : 3 - Canadiens : 1.
5:31 of 2nd period - Alexei Yashin wins face-off versus Travis Zajac in neutral zone.
6:29 of 2nd period - Shot by Viktor Kozlov.
6:29 of 2nd period - Shot Misses the Net.
6:33 of 2nd period - Shot by Ales Hemsky.
6:33 of 2nd period - Deflect By Antoine Vermette.
6:33 of 2nd period - Stopped by Martin Brodeur without a rebound.
6:34 of 2nd period - Ben Eager wins face-off versus Scott Gomez in Devils zone.
6:34 of 2nd period - Ben Eager is hit by Mike Ribeiro.
6:56 of 2nd period - Shot by Mike Ribeiro.
6:56 of 2nd period - Stopped by Martin Brodeur with a rebound.
7:47 of 2nd period - Shot by Antoine Vermette.
7:47 of 2nd period - Shot Misses the Net.
7:51 of 2nd period - Shot by Viktor Kozlov.
7:51 of 2nd period - Shot Misses the Net.
7:53 of 2nd period - Shot by Viktor Kozlov.
7:53 of 2nd period - Shot Misses the Net.
7:54 of 2nd period - Minor Penalty to Colin White for Hooking.
7:55 of 2nd period - John Madden wins face-off versus Alexei Yashin in Devils zone.
7:55 of 2nd period - John Madden is hit by Darcy Tucker.
8:05 of 2nd period - John Madden is hit by Mike Comrie.
9:18 of 2nd period - Shot by Ryan Whitney.
9:18 of 2nd period - Shot Misses the Net.
9:40 of 2nd period - Shot by Ryan Whitney.
9:40 of 2nd period - Stopped by Martin Brodeur with a rebound.
9:42 of 2nd period - Shot by Mike Ribeiro.
9:42 of 2nd period - Shot Blocked by John Madden.
11:25 of 2nd period - Shot by Daniel Alfredsson.
11:25 of 2nd period - Stopped by Roberto Luongo without a rebound.
11:26 of 2nd period - Michael Nylander wins face-off versus Scott Gomez in Canadiens zone.
11:43 of 2nd period - Shot by Zach Parise.
11:43 of 2nd period - Stopped by Roberto Luongo with a rebound.
11:57 of 2nd period - Mike Ribeiro is hit by Michael Nylander and loses puck.
12:22 of 2nd period - Icing by Brendan Witt.
12:23 of 2nd period - Patrik Elias wins face-off versus Antoine Vermette in Devils zone.
12:23 of 2nd period - Patrik Elias is hit by Viktor Kozlov.
13:07 of 2nd period - Icing by John Madden.
13:08 of 2nd period - Ben Eager wins face-off versus Alexei Yashin in Devils zone.
13:19 of 2nd period - Shot by Daniel Alfredsson.
13:19 of 2nd period - Stopped by Roberto Luongo without a rebound.
13:20 of 2nd period - Travis Zajac wins face-off versus Stephane Veilleux in Canadiens zone.
13:20 of 2nd period - Travis Zajac is hit by Brian Rafalski.
13:22 of 2nd period - Shot by Miroslav Satan.
13:22 of 2nd period - Stopped by Roberto Luongo without a rebound.
13:23 of 2nd period - Travis Zajac wins face-off versus Stephane Veilleux in Canadiens zone.
14:35 of 2nd period - Shot by Mike Ribeiro.
14:35 of 2nd period - Shot Misses the Net.
14:45 of 2nd period - Daniel Alfredsson is hit by Mike Ribeiro and loses puck.
14:52 of 2nd period - Shot by Brian Gionta.
14:52 of 2nd period - Shot Misses the Net.
15:07 of 2nd period - Icing by Brad Lukowich.
15:08 of 2nd period - Antoine Vermette wins face-off versus Ben Eager in Devils zone.
15:51 of 2nd period - Shot by Zach Parise.
15:51 of 2nd period - The goal is going for a video replay.
15:51 of 2nd period - The goal is refuse.
15:52 of 2nd period - Scott Gomez wins face-off versus Michael Nylander in Canadiens zone.
16:43 of 2nd period - Shot by Darcy Tucker.
16:43 of 2nd period - Stopped by Martin Brodeur without a rebound.
16:44 of 2nd period - Travis Zajac wins face-off versus Stephane Veilleux in Devils zone.
17:01 of 2nd period - Shot by John Madden.
17:01 of 2nd period - Shot Misses the Net.
17:11 of 2nd period - Shot by Miroslav Satan.
17:11 of 2nd period - Shot Misses the Net.
18:21 of 2nd period - Paul Martin is hit by Antoine Vermette and loses puck.
18:36 of 2nd period - Ed Jovanovski is hit by Ben Eager and loses puck.

Period #3

0:01 of 3rd period - Michael Nylander wins face-off versus Alexei Yashin in neutral zone.
0:28 of 3rd period - Shot by Darcy Tucker.
0:28 of 3rd period - Stopped by Martin Brodeur with a rebound.
1:25 of 3rd period - Daniel Alfredsson is hit by Lubomir Visnovsky and loses puck.
1:55 of 3rd period - Jean-Pierre Dumont is hit by Scott Gomez and loses puck.
2:08 of 3rd period - Shot by Ryan Whitney.
2:08 of 3rd period - Shot Misses the Net.
2:10 of 3rd period - Shot by Mike Ribeiro.
2:10 of 3rd period - Shot Blocked by Jamie Langenbrunner.
2:14 of 3rd period - Shot by Scott Gomez.
2:14 of 3rd period - Stopped by Martin Brodeur with a rebound.
2:16 of 3rd period - Shot by Brian Gionta.
2:16 of 3rd period - Stopped by Martin Brodeur without a rebound.
2:17 of 3rd period - Antoine Vermette wins face-off versus Travis Zajac in Devils zone.
3:22 of 3rd period - Shot by Zach Parise.
3:22 of 3rd period - Stopped by Roberto Luongo without a rebound.
3:23 of 3rd period - Ben Eager wins face-off versus Scott Gomez in Canadiens zone.
3:34 of 3rd period - Minor Penalty to Colin White for Hooking.
3:35 of 3rd period - Ben Eager wins face-off versus Scott Gomez in Devils zone.
4:01 of 3rd period - Icing by Brian Gionta.
4:02 of 3rd period - Brian Gionta wins face-off versus Daniel Alfredsson in Canadiens zone.
4:46 of 3rd period - Shot by Brian Rafalski.
4:46 of 3rd period - Stopped by Martin Brodeur without a rebound.
4:47 of 3rd period - Scott Gomez wins face-off versus John Madden in Devils zone.
4:52 of 3rd period - Shot by Ryan Whitney.
4:52 of 3rd period - Shot Blocked by Timo Helbling.
5:35 of 3rd period - Shot by Ales Hemsky.
5:35 of 3rd period - Stopped by Martin Brodeur without a rebound.
5:36 of 3rd period - Travis Zajac wins face-off versus Antoine Vermette in Devils zone.
5:47 of 3rd period - Shot by Ales Hemsky.
5:47 of 3rd period - Stopped by Martin Brodeur with a rebound.
5:49 of 3rd period - Shot by Ales Hemsky.
5:49 of 3rd period - Goal by Ales Hemsky - Devils : 3 - Canadiens : 2.
5:50 of 3rd period - Michael Nylander wins face-off versus Stephane Veilleux in neutral zone.
5:50 of 3rd period - Michael Nylander is hit by Ryan Kesler.
7:34 of 3rd period - Off-side.
7:35 of 3rd period - Scott Gomez wins face-off versus John Madden in neutral zone.
7:54 of 3rd period - Minor Penalty to Ed Jovanovski for Slashing.
7:55 of 3rd period - Michael Nylander wins face-off versus Antoine Vermette in Canadiens zone.
8:00 of 3rd period - Shot by Zach Parise.
8:00 of 3rd period - Deflect By Patrik Elias.
8:00 of 3rd period - Goal by Patrik Elias - Devils : 4 - Canadiens : 2.
8:01 of 3rd period - Alexei Yashin wins face-off versus Ben Eager in neutral zone.
9:13 of 3rd period - Shot by Mike Ribeiro.
9:13 of 3rd period - Shot Misses the Net.
9:17 of 3rd period - Shot by Mike Ribeiro.
9:17 of 3rd period - Stopped by Martin Brodeur with a rebound.
9:21 of 3rd period - Shot by Scott Gomez.
9:21 of 3rd period - Deflect By Mike Ribeiro.
9:21 of 3rd period - Stopped by Martin Brodeur with a rebound.
9:23 of 3rd period - Shot by Scott Gomez.
9:23 of 3rd period - Shot Misses the Net.
9:25 of 3rd period - Shot by Scott Gomez.
9:25 of 3rd period - Stopped by Martin Brodeur without a rebound.
9:26 of 3rd period - Antoine Vermette wins face-off versus Michael Nylander in Devils zone.
11:03 of 3rd period - Icing by Brad Lukowich.
11:04 of 3rd period - Ben Eager wins face-off versus Brian Gionta in Devils zone.
11:04 of 3rd period - Ben Eager is hit by Scott Gomez.
11:57 of 3rd period - Off-side.
11:58 of 3rd period - Antoine Vermette wins face-off versus John Madden in neutral zone.
12:07 of 3rd period - Viktor Kozlov is hit by Brendan Witt and loses puck.
12:11 of 3rd period - Icing by Brendan Witt.
12:12 of 3rd period - Alexei Yashin wins face-off versus John Madden in Devils zone.
12:12 of 3rd period - Alexei Yashin is hit by Brendan Witt.
12:58 of 3rd period - Shot by Miroslav Satan.
12:58 of 3rd period - Shot Misses the Net.
13:23 of 3rd period - Miroslav Satan is hit by Antoine Vermette and loses puck.
13:27 of 3rd period - Minor Penalty to Filip Kuba for Tripping.
13:28 of 3rd period - Michael Nylander wins face-off versus Stephane Veilleux in Canadiens zone.
13:35 of 3rd period - Shot by Michael Nylander.
13:35 of 3rd period - Shot Misses the Net.
13:37 of 3rd period - Shot by Brendan Witt.
13:37 of 3rd period - Stopped by Roberto Luongo with a rebound.
13:39 of 3rd period - Shot by Brad Lukowich.
13:39 of 3rd period - Stopped by Roberto Luongo without a rebound.
13:40 of 3rd period - Stephane Veilleux wins face-off versus Ben Eager in Canadiens zone.
14:40 of 3rd period - Shot by Michael Nylander.
14:40 of 3rd period - Stopped by Roberto Luongo without a rebound.
14:41 of 3rd period - Antoine Vermette wins face-off versus Michael Nylander in Canadiens zone.
16:18 of 3rd period - Antoine Vermette is hit by Jamie Langenbrunner and loses puck.
16:55 of 3rd period - Shot by Jean-Pierre Dumont.
16:55 of 3rd period - Deflect By Daniel Alfredsson.
16:55 of 3rd period - Shot Misses the Net.
16:57 of 3rd period - Shot by Ben Eager.
16:57 of 3rd period - Shot Misses the Net.
17:09 of 3rd period - Brad Lukowich is hit by Mike Comrie and loses puck.
17:27 of 3rd period - Off-side.
17:28 of 3rd period - Michael Nylander wins face-off versus Viktor Kozlov in neutral zone.
17:37 of 3rd period - Ed Jovanovski is hit by Brendan Witt and loses puck.
17:50 of 3rd period - Viktor Kozlov is hit by Michael Nylander.
18:22 of 3rd period - Shot by Daniel Alfredsson.
18:22 of 3rd period - Shot Blocked by Ryan Whitney.
18:24 of 3rd period - Shot by Daniel Alfredsson.
18:24 of 3rd period - Shot Misses the Net.
18:26 of 3rd period - Shot by Jean-Pierre Dumont.
18:26 of 3rd period - Deflect By Daniel Alfredsson.
18:26 of 3rd period - Stopped by Roberto Luongo without a rebound.
18:27 of 3rd period - Travis Zajac wins face-off versus Stephane Veilleux in Canadiens zone.
19:22 of 3rd period - Shot by Juraj Kolnik.
19:22 of 3rd period - Stopped by Roberto Luongo without a rebound.
19:23 of 3rd period - Daniel Alfredsson wins face-off versus Scott Gomez in Canadiens zone.


Output by the SimonT Hockey Simulator (STHS) for Stephane Roy -- Original Page W3C XHTML 1.0 Valid